 Dungeon Sprint DCSS version 0.29-a0-819-g94b489e0ae (webtiles) character file.

Game seed: 7094487234506908741

19348 mhtbhm the Brawler (level 13, -20/139 HPs)
             Began as a Human Transmuter on July 7, 2022.
             Was an Initiate of Gozag.
             Demolished by a freezing wraith (28 damage)
             ... summoned by a mummy priest
             ... in the Dungeon (Sprint I: "Red Sonja").
             The game lasted 00:11:56 (5136 turns).

mhtbhm the Brawler (Human Transmuter)               Turns: 5136, Time: 00:11:56

Health: -20/139    AC: 16    Str: 25    XL:     13   Next: 3%
Magic:  29/30      EV: 12    Int: 14    God:    Gozag
Gold:   6587       SH:  0    Dex: 14    Spells: 10/38 levels left

rFire   + + .      SeeInvis +     - Unarmed
rCold   x . .      Faith    .   (shield currently unavailable)
rNeg    . . .      Spirit   .   (body armour currently unavailable)
rPois   +          Reflect  .   (helmet currently unavailable)
rElec   +          Harm     .   (cloak currently unavailable)
rCorr   .          Rampage  .   (gloves currently unavailable)
Will    .....      NoTele   +   (boots currently unavailable)
Stlth   +++++.....              (no amulet)
HPRegen 0.33/turn               q - ring of wizardry
MPRegen 0.22/turn               l - ring of Loirghuppa {Fly rElec SInv}

@: dragon-form, gold aura, flying, slowed, very slow
A: dragon claw, dragon scales, breathe fire, flying, boosted hp, giant
a: Breathe Fire, End Transformation, Renounce Religion, Potion Petition, Call
Merchant, Bribe Branch


You were in the Dungeon.
You worshipped Gozag.
Gozag was greatly pleased with you.
You were a fearsome dragon!
You visited 1 branch You collected 9697 gold pieces.
You spent 2530 gold pieces at shops.
You paid 580 gold pieces to Gozag.

Inventory:

Missiles
 d - 4 curare-tipped darts (quivered)
 n - 2 boomerangs
Armour
 a - the +1 robe "Zyarpheul" (melded) {rPois}
   (You bought it in a shop in the Dungeon)

   rPois:     It protects you from poison.
 i - a +1 cloak of preservation (melded)
Jewellery
 e - a ring of protection from cold
 l - the ring of Loirghuppa (right foreclaw) {Fly rElec SInv}
   (You bought it in a shop in the Dungeon)

   [ring of flight]

   rElec:     It insulates you from electricity.
   SInv:      It lets you see invisible.
   Fly:       It grants you flight.
 p - the ring of Fotty {rF+ Will+}
   (You found it in the Dungeon)

   [ring of willpower]

   rF:        It protects you from fire.
   Will:      It increases your willpower.
 q - a ring of wizardry (left foreclaw)
Wands
 b - a wand of flame (14)
Scrolls
 g - a scroll of summoning {unknown}
 j - a scroll of magic mapping {unknown}
 k - a scroll of immolation {unknown}
 m - 6 scrolls of identify {unknown}
 o - 2 scrolls of fog {unknown}
Potions
 c - 3 potions of curing
 f - 2 potions of magic
 r - a potion of mutation {unknown}
 s - a potion of flight {unknown}
Miscellaneous
 h - a lightning rod (4/4)


   Skills:
 + Level 6.1 Fighting
 + Level 2.5 Throwing
 + Level 10.1 Dodging
 + Level 12.1 Stealth
 + Level 19.0 Unarmed Combat
 + Level 13.3 Spellcasting
 + Level 14.0 Transmutations
 + Level 5.5 Ice Magic
 + Level 1.4 Poison Magic
 + Level 4.3 Evocations


You had 10 spell levels left.
You knew the following spells:

 Your Spells              Type           Power      Damage    Failure   Level
a - Beastly Appendage     Tmut           96%        N/A       0%          1
b - Wereblood             Tmut           48%        N/A       1%          2
c - Spider Form           Tmut/Pois      31%        N/A       1%          3
d - Ice Form              Ice/Tmut       36%        N/A       1%          4
e - Statue Form           Tmut/Erth      19%        N/A       26%         6
f - Blade Hands           Tmut           24%        N/A       1%          5
g - Dragon Form           Tmut           24%        N/A       8%          7

Your spell library contained the following spells:

 Spells                   Type           Power      Damage    Failure   Level
 Sublimation of Blood     Necr           9%         N/A       4%          2
 Irradiate                Conj/Tmut      14%        3d18      4%          5
 Gell's Gravitas          Tloc           9%         N/A       9%          3
 Lesser Beckoning         Tloc           9%         N/A       9%          3
 Stone Arrow              Conj/Erth      18%        3d8       9%          3
 Teleport Other           Tloc           9%         N/A       9%          3
 Vampiric Draining        Necr           9%         2d6       9%          3
 Haunt                    Necr/Summ      4%         N/A       100%        7
 Necromutation            Tmut/Necr      14%        N/A       100%        8
 Simulacrum               Ice/Necr       Unusable   N/A       N/A         6

Dungeon Overview and Level Annotations

Branches:
Dungeon (1/1)

Altars:
Cheibriados
Dithmenos
Elyvilon
Fedhas
Gozag
Hepliaklqana
Kikubaaqudgha
Makhleb
Nemelex Xobeh
Okawaru
Qazlal
Ru
Sif Muna
Trog
Uskayaw
Vehumet
Wu Jian
Xom
Yredelemnul
Zin
The Shining One
Jiyva
Lugonu

Shops:
D [=:**?:=:=!:=(!*[[*

Annotations:
D exclusion: oklob plant, Tiamat


Message History

Marking area around an oklob plant as unsafe for travelling.
Things that are here:
99 gold pieces; a +0 short sword; a +0 scale mail You barely miss the merfolk siren.
You tail-slap the merfolk siren.
The merfolk siren is heavily wounded.
The hornet stings you.
* * * LOW HITPOINT WARNING * * *
You suddenly lose the ability to move!
The hellwing hits you but does no damage. x2
The hornet completely misses you.
The merfolk siren chants its luring song.
You can move again.
You claw the merfolk siren!
The merfolk siren is severely wounded.
The hellwing closely misses you.
The hellwing hits you but does no damage.
The hornet stings you.
* * * LOW HITPOINT WARNING * * *
The merfolk siren chants its luring song.
You hit the merfolk siren but do no damage.
The merfolk siren is severely wounded.
The hornet stings you but does no damage.
The hellwing hits you!
* * * LOW HITPOINT WARNING * * *
The hellwing hits you but does no damage.
The hornet closely misses you.
The merfolk siren chants its luring song.
Unknown command.
You claw the merfolk siren!
You are no longer entranced.
You kill the merfolk siren!
You now have 6587 gold pieces (gained 63).
You hear a splash.
The hellwing barely misses you.
The hellwing hits you but does no damage.
The hornet closely misses you. The freezing wraith hits you.
* * * LOW HITPOINT WARNING * * *
The freezing wraith freezes you!!
You feel a terrible chill!
You die...
Your body crumbles into a pile of gold. ##################### §.§§....§§..#..+§...# $$$$$$ ###.§..§##..'..#§§§.## $$$$$$

.###..§#######'#.§§§.#####$$$$
'#.###'#[.(##..#..§§.#.§.#$$$$
...#y#.##...#..##.§.§#.∩§#$$$$
...###.§###.#.$y###§##.§.#$$$$
.....##§#A#.#4y4D)#.####'#$$$$
.....#..###.#.VZW##'#§...##$$$
##''##.##...#..≈##...§....##$$
#..###..#+###z.≈#§..§§..§..#$$
##..###...#P≈..##......§§§.##$
○#[.#.###.#M≈..#...§§.......#$
°.......#.###..#........§.§.#$
°○○.....#.# +..##..........##$
.....####'# #..........#$$


You could see a mummy priest, a jiangshi (summoned), an oklob plant, a hellwing,
an ice devil (summoned), a freezing wraith (summoned), 2 hornets, a wight
(summoned) and a ball python zombie (summoned).

Vanquished Creatures
  A golden dragon (D)
  A shadow dragon (D)
  4 fire giants (D)
  A lorocyproca (D)
  A deep elf annihilator (D)
  A hydra (D)
  2 centaur warriors (D)
  Sonja (D)
  A deep troll (D)
  A lindwurm (D)
  An oklob plant (D)
  2 merfolk sirens (D)
  7 unseen horrors (D)
  A gargoyle (D)
  4 demonic crawlers (D)
  2 kobold demonologists (D)
  3 hornets (D)
  A slime creature (D)
  Sigmund (D)
  A yak (D)
  13 hogs (D)
  2 redbacks (D)
  3 floating eyes (D)
  An ogre (D)
  7 necrophages (D)
  8 jellies (D)
  Ijyb (D)
  A ballistomycete spore (D)
73 creatures vanquished.

Vanquished Creatures (others)
  A gargoyle (D)
  A ballistomycete spore (D)
2 creatures vanquished.

Grand Total: 75 creatures vanquished

Notes
Turn   | Place    | Note
-------+----------+-------------------------------------------
     0 | D        | mhtbhm the Human Transmuter began the quest for the Orb.
     0 | D        | Reached XP level 1. HP: 15/15 MP: 3/3
     2 | D        | Noticed Ijyb
     7 | D        | Killed Ijyb
     8 | D        | Reached skill level 5 in Unarmed Combat
     8 | D        | Reached XP level 2. HP: 21/21 MP: 3/5
     8 | D        | Reached XP level 3. HP: 26/26 MP: 4/7
   158 | D        | Learned a level 2 spell: Wereblood
   162 | D        | Learned a level 3 spell: Spider Form
   296 | D        | Noticed an ogre
   305 | D        | Killed an ogre
   306 | D        | Reached skill level 1 in Stealth
   306 | D        | Reached skill level 7 in Unarmed Combat
   306 | D        | Reached XP level 4. HP: 32/32 MP: 3/10
   306 | D        | Reached XP level 5. HP: 37/37 MP: 3/11
   383 | D        | Learned a level 4 spell: Ice Form
   423 | D        | Noticed Sigmund
   428 | D        | Killed Sigmund
   429 | D        | Reached skill level 9 in Unarmed Combat
   429 | D        | Reached skill level 5 in Spellcasting
   429 | D        | Reached skill level 5 in Transmutations
   429 | D        | Reached XP level 6. HP: 42/43 MP: 7/14
   436 | D        | Found a burning altar of Makhleb.
   436 | D        | Found a viscous altar of Jiyva.
   436 | D        | Found a shimmering altar of Xom.
   436 | D        | Found a corrupted altar of Lugonu.
   436 | D        | Noticed a slime creature
   447 | D        | Killed a slime creature
   448 | D        | Reached skill level 10 in Unarmed Combat
   448 | D        | Reached skill level 1 in Poison Magic
   448 | D        | Reached XP level 7. HP: 36/48 MP: 6/16
   656 | D        | Found an ornate altar of the Wu Jian Council.
   656 | D        | Found a shimmering blue altar of Sif Muna.
   658 | D        | Found a radiant altar of Vehumet.
   664 | D        | Found Keuwon's Jewellery Emporium.
   664 | D        | Found an ancient bone altar of Kikubaaqudgha.
   664 | D        | Found a hazy altar of Hepliaklqana.
   664 | D        | Found a stormy altar of Qazlal.
   664 | D        | Found a hide-covered altar of Uskayaw.
   664 | D        | Found a blossoming altar of Fedhas.
   664 | D        | Found a bloodstained altar of Trog.
   664 | D        | Found an iron altar of Okawaru.
   664 | D        | Found a basalt altar of Yredelemnul.
   664 | D        | Found a glowing golden altar of the Shining One.
   664 | D        | Found a snail-covered altar of Cheibriados.
   664 | D        | Found a sacrificial altar of Ru.
   664 | D        | Found a glowing silver altar of Zin.
   664 | D        | Found a shadowy altar of Dithmenos.
   664 | D        | Found a white marble altar of Elyvilon.
   664 | D        | Noticed a yak
   665 | D        | Found an opulent altar of Gozag.
   667 | D        | Killed a yak
   668 | D        | Reached skill level 5 in Dodging
   668 | D        | Found a sparkling altar of Nemelex Xobeh.
   671 | D        | Noticed Sonja
   677 | D        | Killed Sonja
   678 | D        | Reached skill level 11 in Unarmed Combat
   678 | D        | Reached XP level 8. HP: 55/56 MP: 13/19
   697 | D        | Found Sulyt's Antique Armour Boutique.
   721 | D        | Bought a wizard robe for 125 gold pieces
   721 | D        | Identified the +1 robe "Zyarpheul" {rPois} (You bought it
                  | in a shop in the Dungeon)
   726 | D        | Bought a glowing cloak for 165 gold pieces
   790 | D        | Became a worshipper of Gozag Ym Sagoz the Greedy
   880 | D        | Noticed a deep troll
   908 | D        | Killed a deep troll
   909 | D        | Reached skill level 1 in Throwing
   909 | D        | Reached skill level 12 in Unarmed Combat
   909 | D        | Reached skill level 1 in Ice Magic
   909 | D        | Reached skill level 1 in Evocations
   909 | D        | Reached XP level 9. HP: 62/62 MP: 11/21
   934 | D        | Found Lohug's Armour Emporium.
  1010 | D        | Noticed a kobold demonologist
  1011 | D        | Noticed a kobold demonologist
  1016 | D        | Killed a kobold demonologist
  1017 | D        | Noticed a smoke demon
  1019 | D        | Killed a kobold demonologist
  1030 | D        | Noticed a demonic crawler
  1030 | D        | Noticed a demonic crawler
  1030 | D        | Noticed a demonic crawler
  1030 | D        | Noticed a demonic crawler
  1037 | D        | Killed a demonic crawler
  1038 | D        | Reached skill level 13 in Unarmed Combat
  1040 | D        | Noticed a gargoyle
  1041 | D        | Killed a demonic crawler
  1042 | D        | Reached XP level 10. HP: 68/68 MP: 20/23
  1047 | D        | Killed a demonic crawler
  1052 | D        | Killed a demonic crawler
  1054 | D        | Killed a gargoyle
  1235 | D        | Killed a gargoyle
  1341 | D        | Noticed a lindwurm
  1349 | D        | Killed a lindwurm
  1350 | D        | Reached skill level 14 in Unarmed Combat
  1655 | D        | Reached skill level 10 in Transmutations
  1658 | D        | Reached skill level 10 in Spellcasting
  1667 | D        | Reached skill level 10 in Stealth
  1681 | D        | Reached skill level 15 in Unarmed Combat
  1683 | D        | Reached XP level 11. HP: 46/77 MP: 21/25
  1850 | D        | Noticed a 12-headed hydra
  1853 | D        | Killed a 12-headed hydra
  2085 | D        | Noticed a centaur warrior
  2085 | D        | Noticed a centaur warrior
  2093 | D        | Killed a centaur warrior
  2094 | D        | Reached skill level 16 in Unarmed Combat
  2099 | D        | Killed a centaur warrior
  2112 | D        | Reached skill level 5 in Fighting
  2122 | D        | Noticed an oklob plant
  2128 | D        | Killed an oklob plant
  2596 | D        | Reached skill level 17 in Unarmed Combat
  2792 | D        | Identified the +5 scale mail of Xesitoc {rElec}
  2808 | D        | Identified the +6 spear "Moesk" {elec, Str+5 Int-3 Dex+5}
  2862 | D        | Bought the ring of Loirghuppa {Fly rElec SInv} for 535 gold
                  | pieces
  2866 | D        | Found Sepy's General Store.
  2866 | D        | Found Amech's Book Shop.
  2866 | D        | Found Toic's General Store.
  2868 | D        | Found Xelar's Magic Scroll Emporium.
  2868 | D        | Found Gurghipp's Book Shop.
  2868 | D        | Found Welakhlell's Book Shoppe.
  2868 | D        | Found Rukis's Jewellery Boutique.
  2868 | D        | Found Gailiu's Distillery.
  2868 | D        | Found Iwic's Book Shop.
  2868 | D        | Found Yrhaleacy's Jewellery Shoppe.
  2872 | D        | Bought Eteligia's Compilation of Silt and the Undead for
                  | 650 gold pieces
  2879 | D        | Learned a level 6 spell: Statue Form
  2879 | D        | Bought a book of Transfigurations for 520 gold pieces
  2885 | D        | Learned a level 5 spell: Blade Hands
  2893 | D        | Learned a level 7 spell: Dragon Form
  2908 | D        | Found Xioginn's Weapon Boutique.
  2909 | D        | Found Yrchileta's Assorted Antiques.
  2909 | D        | Found Taraku's Distillery.
  2910 | D        | Found Jaosyiso's Antique Armour Emporium.
  2924 | D        | Bought a potion of might for 40 gold pieces
  2924 | D        | Bought a potion of might for 40 gold pieces
  2942 | D        | Bought a ring of wizardry for 390 gold pieces
  3012 | D        | Noticed a lorocyproca
  3017 | D        | Killed a lorocyproca
  3717 | D        | Noticed a daeva
  3728 | D        | Reached XP level 12. HP: 45/87 MP: 22/27
  4268 | D        | Noticed a fire giant
  4271 | D        | Noticed a fire giant
  4272 | D        | Noticed a fire giant
  4274 | D        | Killed a fire giant
  4275 | D        | Noticed a fire giant
  4278 | D        | Killed a fire giant
  4279 | D        | Reached skill level 18 in Unarmed Combat
  4284 | D        | Killed a fire giant
  4285 | D        | Reached skill level 5 in Ice Magic
  4286 | D        | Killed a fire giant
  4496 | D        | Found the +4 dragonskin cloak
  4496 | D        | Noticed Tiamat
  4982 | D        | Noticed a shadow dragon
  4982 | D        | Noticed a golden dragon
  4989 | D        | Killed a shadow dragon
  4991 | D        | Killed a golden dragon
  4992 | D        | Reached skill level 10 in Dodging
  4998 | D        | Got Sif Muna's Folio of Shapeshifting and Attendants
  5000 | D        | Identified the ring of Fotty {rF+ Will+}
  5070 | D        | Found Matwuqoy's General Store.
  5089 | D        | Bought a potion of heal wounds for 65 gold pieces
  5116 | D        | Noticed a deep elf annihilator
  5119 | D        | Noticed a mummy priest
  5121 | D        | Killed a deep elf annihilator
  5124 | D        | Reached skill level 19 in Unarmed Combat
  5124 | D        | Reached XP level 13. HP: 93/93 MP: 26/30
  5133 | D        | Noticed a jiangshi
  5133 | D        | Paralysed by a hornet for 1 turns
  5136 | D        | Demolished by a freezing wraith

Illustrated notes

Levels and vault maps discovered:
D:        dungeon_sprint_1 [red_sonja_temple_1, red_sonja_temple_small_1]

Skill      XL: |  1  2  3  4  5  6  7  8  9 10 11 12 |
---------------+-------------------------------------+-----
Unarmed Combat | 5 7 9 10 11 12 13 15 17 19 | 19.0
Dodging        | 3 4 5 7 9 10 | 10.1
Stealth        | 1 2 3 6 7 9 10 11 12 | 12.1
Spellcasting   | 4 5 6 7 8 9 10 11 13 | 13.3
Transmutations | 3 5 6 7 8 9 10 11 14 | 14.0
Poison Magic   | 1 |  1.4
Fighting       | 2 4 5 6 |  6.1
Throwing       | 1 2 |  2.5
Ice Magic      | 1 2 3 4 5 |  5.5
Evocations     | 1 3 4 |  4.3

Action                   |  1- 3 |  4- 6 |  7- 9 | 10-12 | 13-15 || total
-------------------------+-------+-------+-------+-------+-------++-------
Melee: Unarmed           |    10 |    10 |    25 |   144 |    11 ||   200
       Kick              |       |       |       |     3 |       ||     3
       Punch             |       |       |       |     6 |     1 ||     7
       Headbutt          |       |       |       |     1 |       ||     1
       Tailslap          |       |       |       |     3 |     2 ||     5
       Bite              |       |       |       |     3 |     1 ||     4
Throw: Dart              |       |       |     3 |       |       ||     3
 Cast: Spider Form       |     1 |     2 |       |       |       ||     3
       Wereblood         |     1 |     1 |     3 |     9 |       ||    14
       Ice Form          |       |       |     4 |    12 |       ||    16
       Beastly Appendage |       |       |     1 |     1 |       ||     2
       Dragon Form       |       |       |       |     6 |       ||     6
       Blade Hands       |       |       |       |     1 |       ||     1
Invok: Call Merchant     |       |       |       |     1 |       ||     1
 Abil: End Transformatio |       |       |     1 |     1 |       ||     2
Evoke: Wand              |       |       |     8 |       |       ||     8
  Use: Potion            |     1 |     1 |     2 |     3 |     1 ||     8
       Scroll            |       |       |       |     1 |       ||     1
 Stab: Sleeping          |     1 |     2 |     4 |     7 |       ||    14
Armor: Skin              |     2 |       |     4 |    42 |    22 ||    70
       Robe              |       |       |       |     4 |       ||     4
Dodge: Dodged            |     4 |     6 |    11 |    82 |    17 ||   120

Table legend: (Time is in decaauts)
 A = Elapsed time spent in this place.
 B = Non-inter-level travel time spent in this place.
 C = Inter-level travel time spent in this place.
 D = Time resting spent in this place.
 E = Time spent auto-exploring this place.
 F = Levels seen in this place.
 G = Mean time per level.
                   A        B        C        D        E       F      G
               +--------+--------+--------+--------+--------+-----+--------+
         Total |   5075 |   5075 |      0 |   3400 |      0 |   1 | 5075.0 |
       Dungeon |   5075 |   5075 |      0 |   3400 |      0 |   1 | 5075.0 |
               +--------+--------+--------+--------+--------+-----+--------+

Top non-repeatable levels by time:
       D: 5075 daAuts
